 Dungeon Crawl Stone Soup version 0.18-a0-917-g8a3da5b (webtiles) character file.

43 filipzpl the Insei (level 3, 0/26 HPs)
             Began as a Merfolk Transmuter on Dec 26, 2015.
             Succumbed to an adder's poison
             ... on level 2 of the Dungeon.
             The game lasted 00:07:00 (2219 turns).

filipzpl the Insei (Merfolk Transmuter)             Turns: 2219, Time: 00:07:00

Health: 0/26       AC:  3    Str: 10    XL:     3   Next: 58%
Magic:  6/6        EV: 13    Int: 13    God:
Gold:   92         SH:  0    Dex: 14    Spells: 2 memorised, 2 levels left

rFire  . . .     SeeInvis .       - Unarmed
rCold  . . .     Gourm    .     b - +0 robe
rNeg   . . .     Faith    .     (no shield)
rPois  .         Spirit   .     (no helmet)
rElec  .         Dismiss  .     i - +0 cloak
rCorr  .         Reflect  .     (no gloves)
SustAt .         Harm     .     (no boots)
MR     .....                    (no amulet)
Stlth  +.........               (no ring)
                                (no ring)

@: lethally poisoned (0 -> -6), starving, not resistant to hostile enchantments,
very unstealthy
A: change form in water, swift swim
a: no special abilities


You were on level 2 of the Dungeon.
You were starving.

You visited 1 branch of the dungeon, and saw 2 of its levels.

You collected 92 gold pieces.

Inventory:

Missiles
 a - 42 arrows
Armour
 b - a +0 robe (worn)
 i - a +0 cloak (worn)
Jewellery
 m - a cursed -2 ring of protection {unknown}
Scrolls
 j - a scroll of random uselessness {unknown}
 k - a scroll of identify {unknown}
 l - 2 scrolls of remove curse {unknown}
 n - 2 scrolls of teleportation {unknown}
 p - a scroll of enchant armour {unknown}
 q - a scroll of fog {unknown}
Potions
 e - 2 potions of haste {unknown}
 f - a potion of heal wounds {unknown}
 g - a potion of degeneration {unknown}
 o - a potion of brilliance {unknown}
Books
 c - a book of Changes

   Spells                             Type                      Level
   a - Beastly Appendage              Transmutation                1
   b - Sticks to Snakes               Transmutation                2
   c - Spider Form                    Transmutation/Poison         3
   d - Ice Form                       Ice/Transmutation            4
   e - Blade Hands                    Transmutation                5
Comestibles
 d - 2 bread rations
 h - a meat ration


   Skills:
 - Level 1.1 Fighting
 - Level 2.6 Dodging
 - Level 4.5 Unarmed Combat
 - Level 2.0 Spellcasting
 + Level 3.1 Transmutations
 + Level 0.9 Poison Magic


You had 2 spell levels left.
You knew the following spells:

 Your Spells              Type           Power        Failure   Level  Hunger
a - Beastly Appendage     Trmt           #.....       10%         1    ##.....
b - Spider Form           Trmt/Pois      #.........   34%         3    ####...


Dungeon Overview and Level Annotations

Branches:
Dungeon (2/15)

Altars:
The Shining One


Message History

You feel sick.
There is an open door here.
You feel sick. The adder closely misses you. The adder closely misses you.
You feel sick. The adder closely misses you.
You feel sick. The adder bites you.
* * * LOW HITPOINT WARNING * * *
You feel sick.
You are no longer poisoned.
The adder misses you. The adder barely misses you.
The adder closely misses you. The adder bites you.
* * * LOW HITPOINT WARNING * * *
You are lethally poisoned!
The adder poisons you!
You see here a cloak.
You die...

#.# #)#.# #.#.# #######.#
###'#.########.#..
#.......######.........#....#..
##.###..##.............#.......
#.# #..##.............#.......
#.# #..##......)......#.......
#.###..##.......#+#####.......
#.#.....'.......#.#####.......
#.#.#..##....@[S..............
#.#.#..##.......#.######......
#.#.#..##.......#.# #......
#.#.#..##.#####.#.######......
#.#.#..##<....#.#......'......
#.#....##.###.#.#.######......
#.##......# #.#.########...###
##.....###.###.#............###
#............#.##########.#....


You could see an adder.

Vanquished Creatures
  An adder (D:2)
  A worm (D:2)
  2 giant geckos (D:2)
  4 bats
  3 giant cockroaches
  5 goblins
  4 hobgoblins
  3 kobolds
  A quokka (D:2)
  A giant newt (D:2)
  4 rats
29 creatures vanquished.

Notes
Turn   | Place    | Note
--------------------------------------------------------------
     0 | D:1      | filipzpl the Merfolk Transmuter began the quest for the Orb.
     0 | D:1      | Reached XP level 1. HP: 15/15 MP: 3/3
   738 | D:1      | Reached XP level 2. HP: 19/21 MP: 5/5
   818 | D:1      | Reached skill level 4 in Unarmed Combat
  1362 | D:2      | Reached XP level 3. HP: 26/26 MP: 6/6
  1367 | D:2      | Learned a level 3 spell: Spider Form
  1950 | D:2      | Found a glowing golden altar of the Shining One.
  2218 | D:2      | HP: 1/26 [adder (5)]
  2219 | D:2      | Succumbed to an adder's poison

Vault maps used:
D:1:      lightli_iron_boxes
D:2:      tso_altar

Action                   || total
-------------------------++-------
Melee: Unarmed           ||   116
 Cast: Spider Form       ||     1
 Stab: Sleeping          ||     3
  Eat: Chunk             ||     2
